 Dungeon Crawl Stone Soup version 0.27-a0-334-g52645efa06 (webtiles) character file.

Game seed: 15158367299683849959

127 Tarl the Poker (level 4, -2/37 HPs)
             Began as a Demonspawn Chaos Knight on Feb 14, 2021.
             Was a Plaything of Xom.
             Slain by a worm (11 damage)
             ... on level 2 of the Dungeon.
             The game lasted 00:03:55 (1449 turns).

Tarl the Poker (Demonspawn Chaos Knight)            Turns: 1449, Time: 00:03:56

Health: -2/37      AC:  5    Str: 12    XL:     4   Next: 85%
Magic:  4/4        EV: 12    Int: 13    God:    Xom [...*..]
Gold:   129        SH:  0    Dex: 14    Spells: 3/3 levels left

rFire    . . .     SeeInvis .   a - +0 spear (chaos)
rCold    . . .     Faith    .   (no shield)
rNeg     . . .     Spirit   .   b - +2 leather armour
rPois    .         Reflect  .   (no helmet)
rElec    .         Harm     .   (no cloak)
rCorr    .         Rampage  .   (no gloves)
Will     .....                  (no boots)
Stlth    +.........             (no amulet)
HPRegen  0.12/turn              (no ring)
MPRegen  0.09/turn              (no ring)

@: no status effects
A: yellow scales 1, agile 1, deformed body, demonic guardian 1, weak 1, demonic
magic 1
a: Renounce Religion


You were on level 2 of the Dungeon.
You worshipped Xom.
You were a favourite toy of Xom.
You visited 1 branch of the dungeon, and saw 2 of its levels.

You collected 129 gold pieces.

Inventory:

Hand Weapons
 a - a +0 spear of chaos (weapon)
Armour
 b - a +2 leather armour (worn)
Scrolls
 c - a scroll of teleportation {unknown}
 g - a scroll of identify {unknown}
 i - 2 scrolls of magic mapping {unknown}
Potions
 d - a potion of curing {unknown}
 e - 4 potions of attraction {unknown}
 f - a potion of heal wounds {unknown}
 h - a potion of ambrosia {unknown}


   Skills:
 + Level 3.6 Fighting
 * Level 3.8 Polearms
 + Level 2.5 Armour
 + Level 2.0 Dodging


You had 3 spell levels left.
You didn't know any spells.
Your spell library was empty.

Dungeon Overview and Level Annotations

Branches:
Dungeon (2/15)

Altars:
Trog


Innate Abilities, Weirdness & Mutations

You are partially covered in yellow scales. (AC +2)
A weak demonic guardian rushes to your aid.
Spells you cast may paralyse adjacent enemies.
You are agile. (Dex +2)
Armour fits poorly on your strangely shaped body.
You are weak. (Str -2)


Message History

You kill the rat!
The moth of wrath goads the rat on!
The rat goes berserk!
You hit the worm. You burn the worm.
The worm is lightly wounded.
The worm barely misses you.
You hit the worm but do no damage.
The worm is lightly wounded.
You hit the worm but do no damage.
The worm is lightly wounded.
The rat completely misses you. The worm bites you but does no damage.
The rat barely misses you.
You barely miss the worm.
The worm is lightly wounded.
The worm barely misses you. The rat bites you but does no damage.
You barely miss the worm.
The worm is lightly wounded.
The rat closely misses you.
The moth of wrath goads the worm on!
The worm goes berserk!
The worm misses you.
You barely miss the worm. The rat misses you. The rat bites you.
The worm closely misses you.
You barely miss the worm. "See what I see, my child!"
You feel aware of your surroundings.
The moth of wrath goads the worm on!
The worm goes berserk!
The rat bites you. The worm bites you but does no damage. The worm bites you.
You hit the worm. You freeze the worm.
The worm is moderately wounded.
The rat misses you. The worm bites you. The rat bites you.
The worm closely misses you.
You hit the worm. You freeze the worm.
The worm is moderately wounded.
The rat bites you but does no damage. The worm bites you!
You hit the worm but do no damage.
The worm is moderately wounded.
The rat bites you but does no damage. The worm bites you. The rat bites you.
* * * LOW HITPOINT WARNING * * *
The worm closely misses you. The rat bites you but does no damage.
The rat misses you. The worm bites you!
You die...
Xom roars with laughter!

*,,,,
,,,,,,,,,,,,
,,,, , * *,
,, , ,**,
,,,. , * ** *
*,, ,,,,,,,,,
.,* * , * * *
,,, , ,,*
.#*,,, * *, *
*,,,**
**###.###**
,, **, *
##.......*
*,*** * *
##........,**
*, * **, *
#.........,
*,* * *,,,*
#.@..###.., *
* * ,*,
#wrw##y##.,,*
* ** *, ,*
#..w.###.. ,*
* ,** ** ***
*,,,*
##.†......
****,, * ,,,,
, ,,
#)).._...,
,,,,,,
**,***** ,
*##)...)..*
***,,, * *,*
* ** *##...##
*,, * ,* *,
*#### ,* ,*
*,* *,,,* *,


You could see a moth of wrath, 3 worms and a rat (berserk).

Vanquished Creatures
  An ogre (D:2)
  A gnoll (D:1)
  A dart slug (D:1)
  A leopard gecko (D:1)
  3 bats
  A giant cockroach (D:1)
  5 goblins (D:1)
  2 hobgoblins
  5 jackals (D:1)
  6 kobolds (D:1)
  4 frilled lizards (D:1)
  5 rats
35 creatures vanquished.

Notes
Turn   | Place    | Note
-------+----------+-------------------------------------------
     0 | D:1      | Tarl the Demonspawn Chaos Knight began the quest for the
                  | Orb.
     0 | D:1      | Reached XP level 1. HP: 18/18 MP: 1/1
    43 | D:1      | XOM: divination: detect creatures
    70 | D:1      | Reached skill level 1 in Dodging
   247 | D:1      | XOM: confuse monster(s)
   513 | D:1      | Gained mutation: Spells you cast may paralyse adjacent
                  | enemies. [demonic ancestry]
   513 | D:1      | Reached XP level 2. HP: 23/24 MP: 2/2
   888 | D:1      | XOM: 4-stop teleportation journey
   981 | D:1      | Gained mutation: A weak demonic guardian rushes to your
                  | aid. [demonic ancestry]
   981 | D:1      | Reached XP level 3. HP: 29/29 MP: 3/3
  1180 | D:1      | XOM: give mutations
  1180 | D:1      | Gained mutation: Your spells are a little harder to cast,
                  | but a little more powerful. [Xom's grace]
  1180 | D:1      | Gained mutation: You are agile. (Dex +2) [Xom's grace]
  1211 | D:1      | XOM: give mutations
  1211 | D:1      | Lost mutation: Your spells are a little harder to cast, but
                  | a little more powerful. [Xom's mischief]
  1211 | D:1      | Gained mutation: Armour fits poorly on your strangely
                  | shaped body. [Xom's mischief]
  1211 | D:1      | Gained mutation: You are weak. (Str -2) [Xom's mischief]
  1278 | D:2      | Noticed an ogre
  1279 | D:2      | XOM: summons 3 friendly demons
  1293 | D:2      | Killed an ogre
  1294 | D:2      | Gained mutation: You are partially covered in yellow
                  | scales. (AC +2) [demonic ancestry]
  1294 | D:2      | Reached XP level 4. HP: 36/36 MP: 4/4
  1433 | D:2      | Found a bloodstained altar of Trog.
  1433 | D:2      | XOM: 1-stop teleportation journey
  1434 | D:2      | Noticed a moth of wrath
  1444 | D:2      | XOM: divination: magic mapping
  1449 | D:2      | Slain by a worm

Illustrated notes

Levels and vault maps discovered:
D:1:      dpeg_arrival_court, layout_basic, corexii_hall_statues_i
D:2:      layout_loops_corners, tgw_trog, uniq_robin

Skill      XL: |  1  2  3  4 |
---------------+-------------+-----
Dodging        | 1 2 |  2.0
Armour         | 2 |  2.5
Polearms       | 3 |  3.8
Fighting       | |  3.6

Action                   |  1- 3 |  4- 6 || total
-------------------------+-------+-------++-------
Melee: Spear             |   109 |    18 ||   127
 Stab: Paralysed         |     3 |       ||     3
       Petrified         |     1 |       ||     1
       Sleeping          |       |     1 ||     1
Armor: Leather armour    |    24 |     6 ||    30
Dodge: Dodged            |    48 |    13 ||    61

Table legend: (Time is in decaauts)
 A = Elapsed time spent in this place.
 B = Non-inter-level travel time spent in this place.
 C = Inter-level travel time spent in this place.
 D = Time resting spent in this place.
 E = Time spent auto-exploring this place.
 F = Levels seen in this place.
 G = Mean time per level.
                   A        B        C        D        E       F      G
               +--------+--------+--------+--------+--------+-----+--------+
         Total |   1441 |   1421 |     20 |    366 |    754 |   2 |  720.5 |
       Dungeon |   1441 |   1421 |     20 |    366 |    754 |   2 |  720.5 |
               +--------+--------+--------+--------+--------+-----+--------+

Top non-repeatable levels by time:
     D:1: 1254 daAuts
     D:2: 187 daAuts
